 Dungeon Crawl Stone Soup version 0.18-a0-1773-gec4f98e (webtiles) character file.

28387 Duffy the Grappler (level 13, -12/136 HPs)
             Began as a Troll Fighter on Apr 14, 2016.
             Was the Champion of Cheibriados.
             Mangled by a spiny frog (15 damage)
             ... on level 2 of the Lair of Beasts.
             The game lasted 00:16:53 (11656 turns).

Duffy the Grappler (Troll Fighter)                 Turns: 11656, Time: 00:16:54

Health: -12/136    AC: 13    Str: 49    XL:     13   Next: 9%
Magic:  0/19       EV: 12    Int: 20    God:    Cheibriados [******]
Gold:   910        SH: 12    Dex: 25    Spells: 0 memorised, 12 levels left

rFire  + . .     SeeInvis .       - Unarmed
rCold  . . .     Gourm    +     D - +0 fire dragon armour
rNeg   . . .     Faith    .     b - +0 shield
rPois  .         Spirit   +     (helmet restricted)
rElec  .         Dismiss  .     L - +1 cloak
rCorr  .         Reflect  .     (gloves unavailable)
SustAt .         Harm     .     (boots unavailable)
MR     .....                    C - amulet of guardian spirit
Stlth  +.........               V - ring of ice
                                T - +5 ring of strength

@: lethally poisoned (-12 -> -44), very slow, not resistant to hostile
enchantments, very unstealthy
A: unfitting armour, claws 3, fast metabolism 3, gourmand, regeneration 2,
shaggy fur 1, tough skin 2
a: Bend Time, Temporal Distortion, Slouch, Step From Time, Renounce Religion


You were on level 2 of the Lair of Beasts.
You worshipped Cheibriados.
Cheibriados was exalted by your worship.
You were very full.

You visited 2 branches of the dungeon, and saw 14 of its levels.
You also visited: Ossuary.

You collected 910 gold pieces.


Innate Abilities, Weirdness & Mutations

You are too large for most types of armour.
You have claws for hands.
Your metabolism is lightning-fast.
You like to eat raw meat.
You heal very quickly.
You are covered in fur (AC +1).
You have very tough skin (AC +2).


   Skills:
 - Level 10.8 Fighting
 - Level 6.8 Dodging
 - Level 2.4 Shields
 + Level 12.6 Unarmed Combat
 - Level 10.5 Invocations


You had 12 spell levels left.
You didn't know any spells.

Inventory:

Missiles
 n - 3 throwing nets
 v - 3 javelins of returning (quivered)
 y - 4 curare-tipped needles
 F - 10 poisoned needles
 Q - 8 tomahawks
Armour
 b - a +0 shield (worn)
 m - a +1 robe of cold resistance
 D - a +0 fire dragon armour (worn)
 L - a +1 cloak (worn)
Jewellery
 C - an amulet of guardian spirit (around neck)
 T - a +5 ring of strength (left claw)
 V - a ring of ice (right claw)
Wands
 a - a wand of digging (8/24)
 N - a wand of iceblast (4/15)
 P - a wand of iceblast (9/15)
 R - a wand of digging (16/24)
 X - a wand of polymorph (9/24)
Scrolls
 e - 2 scrolls of enchant weapon {unknown}
 f - 6 scrolls of fear
 h - 2 scrolls of magic mapping {unknown}
 i - 5 scrolls of remove curse
 j - a scroll of blinking {unknown}
 k - a scroll of enchant armour
 o - 4 scrolls of fog
 p - 4 scrolls of recharging {unknown}
 s - 6 scrolls of teleportation
 B - a scroll of holy word {unknown}
 E - a scroll of summoning {unknown}
 K - 3 scrolls of immolation
Potions
 c - 2 potions of might
 g - 3 potions of cancellation
 l - 6 potions of curing {unknown}
 u - 2 potions of invisibility {unknown}
 x - 3 potions of lignification {unknown}
 z - 2 potions of flight
 A - a potion of resistance
 G - 3 potions of degeneration {unknown}
 J - 2 potions of heal wounds {unknown}
 S - a potion of brilliance
 W - a potion of agility
 Y - a potion of cure mutation {unknown}
 Z - a potion of ambrosia
Comestibles
 d - 5 bread rations
 q - 2 beef jerkies
 r - 6 slices of pizza
 t - 6 meat rations
 w - 14 fruits
 M - a royal jelly

Dungeon Overview and Level Annotations

Branches:
Dungeon (12/15)            Temple (0/1) D:7            Lair (2/8) D:8
    Orc (0/2) D:12

Altars:
Cheibriados
Dithmenos
Gozag
Kikubaaqudgha
Makhleb
Pakellas
Qazlal
Ru
Sif Muna
Trog

Annotations:
D:7 exclusion: oklob sapling


Message History

The nine-headed hydra barely misses you.
The nine-headed hydra bites you but does no damage.
The nine-headed hydra bites you.
You rip one of the nine-headed hydra's heads off!
The eight-headed hydra grows two more!
You mangle the ten-headed hydra!!
The ten-headed hydra is almost dead.
You feel sick. The spiny frog stings you.
You are more poisoned.
The spiny frog poisons you! You block the yak's attack.
The ten-headed hydra barely misses you.
You block the ten-headed hydra's attack. x2
The ten-headed hydra bites you but does no damage. x2
You block the ten-headed hydra's attack.
The ten-headed hydra bites you. x4
You claw one of the ten-headed hydra's heads off!
The nine-headed hydra grows two more!
You mangle the 11-headed hydra!!
You kill the 11-headed hydra!
Cheibriados appreciates the change of pace.
You feel sick. The spiny frog barely misses you.
The yak gores you but does no damage. You block the yak's attack. x2
You don't have enough magic at the moment.
You barely miss the spiny frog.
You feel sick. You block the spiny frog's attack. The yak closely misses you.
The yak gores you but does no damage. You block the yak's attack.
You mangle the spiny frog!!
The spiny frog is severely wounded.
You feel sick. You block the yak's attack. The spiny frog stings you!
You are more poisoned.
The spiny frog poisons you! The yak gores you but does no damage.
You block the yak's attack.
You completely miss the spiny frog.
The spiny frog is severely wounded.
You feel very sick. You block the yak's attack. The spiny frog stings you!
You die...

....## .....## ......##
##....(## ## #
##.....###### ##.#..
###.......##.#####......
#..##...................
.#...............>......
...............Y@Y......
...............YFY....<.
............)...........
........................
........................
........................
........................
........................
............


You could see 4 yaks and a spiny frog.

Action                   |  1- 3 |  4- 6 |  7- 9 | 10-12 | 13-15 || total
-------------------------+-------+-------+-------+-------+-------++-------
Melee: Unarmed           |    97 |   132 |   259 |   623 |    26 ||  1137
Invok: Temporal Distorti |       |       |       |     4 |       ||     4
       Slouch            |       |       |       |     2 |       ||     2
  Use: Scroll            |       |       |       |    20 |       ||    20
 Stab: Sleeping          |     1 |     2 |     4 |     4 |       ||    11
       Distracted        |       |       |     1 |     1 |       ||     2
  Eat: Chunk             |    16 |    13 |    13 |    41 |     2 ||    85
Armor: Robe              |    31 |    27 |    34 |    80 |       ||   172
       Fire dragon armou |       |       |       |    96 |    31 ||   127
Dodge: Dodged            |    38 |    29 |    63 |   240 |    26 ||   396
Block: Shield            |    37 |    71 |    77 |   407 |    35 ||   627

Notes
Turn   | Place    | Note
--------------------------------------------------------------
     0 | D:1      | Duffy the Troll Fighter began the quest for the Orb.
     0 | D:1      | Reached XP level 1. HP: 22/22 MP: 0/0
   191 | D:1      | Reached XP level 2. HP: 29/29 MP: 1/1
   300 | D:1      | Reached skill level 3 in Unarmed Combat
   624 | D:1      | Reached XP level 3. HP: 36/36 MP: 2/2
   782 | D:2      | Reached skill level 4 in Unarmed Combat
   895 | D:2      | Found a snail-covered altar of Cheibriados.
   961 | D:2      | Became a worshipper of Cheibriados the Contemplative
  1124 | D:2      | Reached XP level 4. HP: 40/44 MP: 3/3
  1478 | D:2      | Reached * piety under Cheibriados
  1555 | D:3      | Reached skill level 5 in Unarmed Combat
  1603 | D:3      | Found an oddly glowing altar of Pakellas.
  1605 | D:3      | Found an opulent altar of Gozag.
  1605 | D:3      | Found a stormy altar of Qazlal.
  1605 | D:3      | Found a shadowy altar of Dithmenos.
  1842 | D:3      | Reached XP level 5. HP: 36/50 MP: 4/4
  2515 | D:4      | Reached skill level 6 in Unarmed Combat
  2518 | D:4      | Reached ** piety under Cheibriados
  2572 | D:4      | Reached XP level 6. HP: 46/59 MP: 5/5
  2805 | D:4      | Reached skill level 7 in Unarmed Combat
  2949 | D:4      | Found a deep blue altar of Sif Muna.
  3023 | D:5      | Entered Level 5 of the Dungeon
  3023 | D:5      | Noticed a hippogriff
  3029 | D:5      | Killed a hippogriff
  3029 | D:5      | Reached XP level 7. HP: 58/66 MP: 6/6
  3173 | D:5      | Reached skill level 8 in Unarmed Combat
  3195 | D:5      | Noticed Eustachio
  3205 | D:5      | Killed Eustachio
  3338 | D:5      | Found a sacrificial altar of Ru.
  3364 | D:5      | Reached skill level 9 in Unarmed Combat
  3508 | D:5      | Reached *** piety under Cheibriados
  3514 | D:5      | Reached XP level 8. HP: 74/74 MP: 7/7
  3594 | D:5      | Reached skill level 10 in Unarmed Combat
  3870 | D:6      | Noticed Grinder
  3882 | D:6      | Killed Grinder
  3882 | D:6      | Reached skill level 11 in Unarmed Combat
  3904 | D:6      | Noticed Graouh's ghost (novice MiBe)
  3918 | D:6      | Killed Graouh's ghost
  3918 | D:6      | Reached skill level 12 in Unarmed Combat
  3918 | D:6      | Reached XP level 9. HP: 29/80 MP: 3/8
  4044 | D:6      | Reached skill level 1 in Invocations
  4133 | D:6      | Found a sand-covered staircase.
  4138 | Ossuary  | Entered an ossuary
  4212 | Ossuary  | Reached **** piety under Cheibriados
  4333 | Ossuary  | Reached skill level 3 in Fighting
  4590 | D:6      | Reached skill level 2 in Invocations
  4596 | D:6      | Reached skill level 4 in Fighting
  4596 | D:6      | Reached skill level 3 in Invocations
  4745 | D:6      | Noticed Crazy Yiuf
  4752 | D:6      | Killed Crazy Yiuf
  4858 | D:6      | Reached skill level 4 in Invocations
  5098 | D:7      | Noticed Pikel
  5114 | D:6      | Killed Pikel
  5114 | D:6      | Reached ***** piety under Cheibriados
  5114 | D:6      | Reached skill level 5 in Fighting
  5176 | D:7      | Found an ancient bone altar of Kikubaaqudgha.
  5178 | D:7      | Reached XP level 10. HP: 83/96 MP: 10/12
  5375 | D:7      | Found a staircase to the Ecumenical Temple.
  5446 | D:7      | Reached skill level 5 in Invocations
  5552 | D:7      | Found a burning altar of Makhleb.
  5552 | D:7      | Found a bloodstained altar of Trog.
  5610 | D:7      | Noticed Graouh's ghost (novice MiBe)
  5623 | D:7      | Killed Graouh's ghost
  5625 | D:7      | Reached skill level 6 in Fighting
  5894 | D:8      | Found a staircase to the Lair.
  6038 | D:7      | Reached skill level 6 in Invocations
  6293 | D:8      | Noticed Maurice
  6302 | D:8      | Paralysed by Maurice for 2 turns
  6309 | D:7      | Killed Maurice
  6385 | D:8      | Reached skill level 7 in Fighting
  6385 | D:8      | Reached skill level 7 in Invocations
  6569 | D:8      | Reached ****** piety under Cheibriados
  7114 | D:9      | Reached XP level 11. HP: 109/109 MP: 15/15
  7444 | D:10     | Entered Level 10 of the Dungeon
  7535 | D:9      | Reached skill level 8 in Invocations
  7662 | D:10     | Reached skill level 8 in Fighting
  7764 | D:10     | Noticed Grum
  7768 | D:10     | Killed Grum
  7814 | D:10     | Reached skill level 3 in Dodging
  7965 | D:10     | Noticed Fannar
  7981 | D:10     | Killed Fannar
  7981 | D:10     | Reached skill level 4 in Dodging
  8411 | D:10     | Reached skill level 9 in Fighting
  8563 | D:11     | Noticed a brown ugly thing
  8573 | D:11     | Killed a brown ugly thing
  8573 | D:11     | Reached skill level 5 in Dodging
  8636 | D:11     | Noticed Erolcha
  8641 | D:11     | Killed Erolcha
  8912 | D:11     | Reached XP level 12. HP: 113/126 MP: 14/17
  8959 | D:11     | Reached skill level 10 in Fighting
  8977 | D:11     | Identified the Tome of Gliding Poisoning (You found it on level 11 of the Dungeon)
  9513 | D:12     | Found a staircase to the Orcish Mines.
  9740 | D:12     | Reached skill level 6 in Dodging
  9864 | D:12     | Found an ancient bone altar of Kikubaaqudgha.
  9874 | D:12     | Reached skill level 9 in Invocations
 10279 | D:12     | Noticed Harold
 10292 | D:12     | Killed Harold
 10476 | Lair:1   | Entered Level 1 of the Lair of Beasts
 10663 | Lair:1   | Reached skill level 10 in Invocations
 11299 | Lair:2   | Reached XP level 13. HP: 121/136 MP: 19/19
 11656 | Lair:2   | Mangled by a spiny frog

Vault maps used:
D:1:      eino_arrival_druids_welcome
D:2:      cheibriados_altar_1
D:3:      grunt_temple_overflow_open, first_bread
D:4:      lemuel_blue_sif_altar
D:5:      basic_altar, eino_small_chamber_without_monster, uniq_eustachio
D:6:      enter_ossuary_5, serial_glass, glass_columns_b, glass_columns_c,
          uniq_grinder, uniq_crazy_yiuf_cottage
D:7:      gammafunk_temple_overflow_wave, minmay_temple_entry_oklob,
          basic_altar, lightli_minifort, uniq_pikel
D:8:      minmay_lair_entry_grove, uniq_maurice
D:10:     uniq_fannar, uniq_grum
D:11:     uniq_erolcha
D:12:     minmay_orc_entry_guard_dogs, basic_altar, uniq_harold
Lair:1:   infiniplex_staircase_pool_2, lemuel_fruit_fields
Lair:2:   st_stairs_7, minivault_26, minmay_hedge_maze
Ossuary:  ossuary_due_small_catacomb

Vanquished Creatures
  Harold Fannar
  A hydra Erolcha
  The ghost of Graouh the Protected, a novice MiBe of Trog
  The ghost of Graouh the Protected, a novice MiBe of Trog
  2 hill giants Pikel
  A deep elf mage
  A manticore
  2 ugly things Maurice
  3 spiny frogs
  2 gargoyles
  2 kobold demonologists
  3 komodo dragons
  2 trolls
  4 two-headed ogres
  6 blink frogs Grinder
  A wyvern Grum
  3 basilisks
  44 yaks Eustachio
  3 hippogriffs
  A mottled dragon
  4 wargs
  2 water moccasins
  4 porcupines
  A sky beast
  2 orc warriors
  2 ice beasts
  4 slaves
  A black bear
  2 phantoms
  6 ogres
  10 wolves
  A centaur
  6 crocodiles
  3 big kobolds
  11 giant frogs
  7 scorpions
  14 killer bees
  4 howler monkeys
  8 wights
  8 crimson imps
  A giant frog zombie
  7 hounds
  2 jellies Crazy Yiuf
  2 giant frog skeletons
  2 orc priests
  4 centaur skeletons
  12 orc wizards
  7 iguanas
  9 worker ants
  8 sheep
  A hound skeleton
  12 mummies
  A howler monkey zombie
  2 worker ant zombies
  3 gnolls
  14 adders
  7 river rats
  4 shadow imps
  An ooze
  An adder skeleton
  A worm
  5 dart slugs
  7 giant geckos
  38 orcs
  5 bats
  3 giant cockroaches
  6 goblins
  4 hobgoblins
  12 jackals
  7 quokkas
  A ball python
  5 giant newts
  4 gnoll skeletons
  A goblin skeleton
  24 kobolds
  A kobold skeleton
  2 orc skeletons
  A quokka skeleton
  A quokka zombie
  8 rats
  11 rat skeletons
439 creatures vanquished.
